 Dungeon Crawl Stone Soup version 0.23.1-37-gaa34b87b72 (webtiles) character file.

Game seed: 15134540790911272116

10798 Peloso the Carver (level 11, -4/97 HPs)
             Began as a Minotaur Fighter on Mar 23, 2019.
             Was a High Priest of Okawaru.
             Slain by Snorg (18 damage)
             ... on level 10 of the Dungeon.
             The game lasted 00:20:35 (8625 turns).

Peloso the Carver (Minotaur Fighter)                Turns: 8625, Time: 00:20:35

Health: -4/97      AC: 18    Str: 26    XL:     11   Next: 40%
Magic:  17/19      EV: 12    Int:  5    God:    Okawaru [*****.]
Gold:   553        SH: 14    Dex: 12    Spells: 10/10 levels left

rFire    . . .     SeeInvis .   a - +2 double sword (freeze)
rCold    . . .     Gourm    .   c - +0 shield
rNeg     . . .     Faith    .   L - +0 plate armour
rPois    .         Spirit   .   (helmet restricted)
rElec    .         Reflect  .   (no cloak)
rCorr    .         Harm     .   (no gloves)
MR       .....                  v - +0 pair of boots
Stlth    ..........             (no amulet)
HPRegen  0.26/turn              t - +4 ring of strength
MPRegen  0.16/turn              I - ring of magical power

@: heroism
A: retaliatory headbutt, horns 2
a: Heroism, Finesse, Renounce Religion


You were on level 10 of the Dungeon.
You worshipped Okawaru.
Okawaru was extremely pleased with you.
You were not hungry.

You visited 2 branches of the dungeon, and saw 11 of its levels.

You collected 553 gold pieces.

Inventory:

Hand Weapons
 a - a +2 double sword of freezing (weapon)
 b - a +3 scimitar of flaming
Armour
 c - a +0 shield (worn)
 m - a +2 buckler
 v - a +0 pair of boots (worn)
 y - a +0 chain mail
 L - a +0 plate armour (worn)
Jewellery
 p - an uncursed ring of resist corrosion
 t - a +4 ring of strength (left hand)
 A - a +2 ring of intelligence
 C - a +3 ring of intelligence
 H - an uncursed ring of see invisible
 I - a ring of magical power (right hand)
Wands
 x - a wand of disintegration (15)
Scrolls
 e - 5 scrolls of teleportation
 g - 6 scrolls of remove curse
 i - 3 scrolls of fog {unknown}
 k - a scroll of fear {unknown}
 n - 2 scrolls of amnesia {unknown}
 o - 2 scrolls of enchant weapon {unknown}
 s - a scroll of identify
 z - 2 scrolls of enchant armour {unknown}
 F - a scroll of magic mapping {unknown}
 J - a scroll of holy word {unknown}
Potions
 d - a potion of might
 j - 4 potions of heal wounds
 l - 2 potions of haste
 q - 2 potions of agility
 r - a potion of flight
 u - 2 potions of berserk rage
 w - a potion of ambrosia
 D - 4 potions of curing
 E - a potion of magic
 K - 2 potions of brilliance
Comestibles
 f - 15 rations


   Skills:
 + Level 9.4(14.4) Fighting
 + Level 13.1(18.1) Long Blades
 + Level 10.1(15.1) Armour
 + Level 4.3(9.3) Dodging
 + Level 0.7(5.7) Stealth
 + Level 10.6(15.6) Shields
 + Level 0.3 Invocations
 + Level 1.0 Evocations


You had 10 spell levels left.
You didn't know any spells.
Your spell library contained the following spells:

 Spells                   Type           Power        Failure   Level  Hunger
 Freeze                   Ice            #...         98%         1    ##.....
 Magic Dart               Conj           #...         98%         1    ##.....
 Searing Ray              Conj           #.....       99%         2    ###....
 Throw Frost              Conj/Ice       #.....       99%         2    ###....
 Dazzling Spray           Conj/Hex       #.....       100%        3    ####...
 Ozocubu's Armour         Chrm/Ice       #.......     100%        3    ####...
 Force Lance              Conj/Tloc      #.......     100%        4    #####..
 Fulminant Prism          Conj/Hex       #.........   100%        4    #####..
 Iskenderun's Mystic Bla  Conj           #.......     100%        4    #####..
 Summon Ice Beast         Ice/Summ       #.......     100%        4    #####..
 Throw Icicle             Conj/Ice       #.......     100%        4    #####..


Dungeon Overview and Level Annotations

Branches:
Dungeon (10/15)            Temple (1/1) D:5            Lair (0/6) D:8
    Orc: D:9-12

Altars:
Ashenzari
Dithmenos
Elyvilon
Fedhas
Gozag
Hepliaklqana
Kikubaaqudgha
Makhleb
Nemelex Xobeh
Okawaru
Qazlal
Ru
Sif Muna
Trog
Uskayaw
Vehumet
Wu Jian
Xom
Yredelemnul

Shops:
D:5 %

Annotations:
D:10 Snorg


Innate Abilities, Weirdness & Mutations

You reflexively headbutt those who attack you in melee.
You have a pair of horns on your head.


Message History

Snorg is heavily wounded.
Snorg closely misses you. Snorg claws you. You block Snorg's attack.
Unknown command.
You barely miss Snorg. You headbutt Snorg!
Snorg is heavily wounded.
Snorg barely misses you. You furiously retaliate!
You headbutt Snorg.
You riposte.
You slash Snorg! You freeze Snorg. You headbutt Snorg!
Snorg is severely wounded.
You block Snorg's attack. Snorg claws you.
* * * LOW HITPOINT WARNING * * *
Your plate armour prevents you from hitting Snorg.
Snorg is severely wounded.
Snorg barely misses you. Snorg claws you!
* * * LOW HITPOINT WARNING * * *
Snorg claws you but does no damage.
Unknown command.
You completely miss Snorg.
Snorg is severely wounded.
Snorg bites you!!
You die...

###### ##########
#....# #........#
#....# #.....<..#
###....# #........#
#....@.#
#........###.#..$T#
#...)....##..#......#
.........#..##....#)..#
#..........###....###.#
#....(...### #....# #
#.......(# ###.##
##.####### #.# #..


You could see Snorg (berserk).

Vanquished Creatures
  Harold (D:7)
  A hydra (D:9)
  Erica (D:8)
  2 two-headed ogres (D:8)
  Pikel (D:4)
  Psyche (D:8)
  Joseph (D:8)
  3 hippogriffs
  Sigmund (D:6)
  3 yaks (D:9)
  2 wraiths (D:8)
  A wyvern (D:9)
  A basilisk (D:8)
  2 hungry ghosts
  The ghost of tjackatt the Cutter, an amateur DsGl (D:3)
  A water moccasin (D:9)
  A porcupine (D:8)
  3 black bears (D:8)
  3 orc warriors
  4 sky beasts
  3 phantoms
  An ice beast (D:9)
  2 ogres
  A wolf (D:8)
  2 centaurs
  3 crocodiles (D:8)
  An elf zombie (D:8)
  2 bullfrogs
  A wyvern zombie (D:3)
  4 scorpions
  3 killer bees (D:7)
  6 wights
  2 electric eels
  6 crimson imps
  2 jellies (D:6)
  3 human zombies (D:8)
  3 bullfrog skeletons
  3 orc priests
  5 hounds
  6 orc wizards
  A centaur skeleton (D:6)
  4 iguanas
  Natasha (D:3)
  4 worker ants
  An ogre zombie (D:8)
  A hound zombie (D:5)
  2 mummies (D:8)
  A howler monkey zombie (D:7)
  Robin (D:3)
  3 gnolls (D:5)
  5 adders
  3 oozes
  2 adder skeletons
  3 worms
  2 dart slugs
  5 leopard geckos
  16 orcs
  4 giant cockroaches
  12 goblins
  14 hobgoblins
  7 jackals
  3 kobolds
  5 quokkas
  4 ball pythons
  7 bats
  2 frilled lizards
  A leopard gecko skeleton (D:4)
  A leopard gecko zombie (D:3)
  A quokka zombie (D:7)
  7 rats
216 creatures vanquished.

Vanquished Creatures (others)
  A fungus (D:8)
  8 plants (D:8)
9 creatures vanquished.

Grand Total: 225 creatures vanquished

Notes
Turn   | Place    | Note
-------+----------+-------------------------------------------
     0 | D:1      | Peloso the Minotaur Fighter began the quest for the Orb.
     0 | D:1      | Reached XP level 1. HP: 19/19 MP: 0/0
    38 | D:1      | Reached XP level 2. HP: 19/27 MP: 1/1
   182 | D:1      | Reached XP level 3. HP: 33/33 MP: 2/2
   700 | D:2      | Reached skill level 3 in Long Blades
   700 | D:2      | Reached XP level 4. HP: 36/40 MP: 3/3
  1351 | D:3      | Found a transporter.
  1373 | D:3      | Noticed a phantom
  1376 | D:3      | Found a transporter.
  1377 | D:3      | Noticed tjackatt's ghost (amateur DsGl)
  1396 | D:3      | Noticed Robin
  1410 | D:3      | Killed Robin
  1410 | D:3      | Reached XP level 5. HP: 27/47 MP: 4/4
  1469 | D:3      | Reached skill level 4 in Long Blades
  1469 | D:3      | Reached skill level 1 in Dodging
  1524 | D:3      | Noticed Natasha
  1538 | D:3      | Killed Natasha
  2114 | D:4      | Noticed a slave
  2114 | D:4      | Noticed a slave
  2114 | D:4      | Noticed Pikel
  2167 | D:4      | Killed Pikel
  2167 | D:4      | Reached skill level 5 in Fighting
  2167 | D:4      | Reached skill level 6 in Long Blades
  2167 | D:4      | Reached skill level 5 in Armour
  2167 | D:4      | Reached skill level 5 in Shields
  2167 | D:4      | Reached XP level 6. HP: 11/56 MP: 5/5
  2167 | D:4      | Reached XP level 7. HP: 12/61 MP: 6/6
  2557 | D:5      | Entered Level 5 of the Dungeon
  2871 | D:5      | Reached skill level 7 in Long Blades
  3196 | D:5      | Reached XP level 8. HP: 23/69 MP: 7/7
  3454 | D:5      | Found a staircase to the Ecumenical Temple.
  3480 | Temple   | Entered the Ecumenical Temple
  3490 | Temple   | Became a worshipper of Warmaster Okawaru
  3780 | D:5      | Found Boig's Food Emporium.
  4047 | D:6      | Found a white marble altar of Elyvilon.
  4187 | D:6      | Found a shimmering altar of Xom.
  4227 | D:6      | Reached skill level 8 in Long Blades
  4854 | D:6      | Noticed Sigmund
  4866 | D:6      | Killed Sigmund
  5312 | D:3      | Killed tjackatt's ghost
  5312 | D:3      | Reached * piety under Okawaru
  5312 | D:3      | Reached skill level 9 in Long Blades
  5321 | D:3      | Reached XP level 9. HP: 57/75 MP: 8/8
  5796 | D:7      | Reached ** piety under Okawaru
  5864 | D:7      | Noticed Harold
  5882 | D:7      | Killed Harold
  5882 | D:7      | Reached skill level 10 in Long Blades
  6197 | D:8      | Noticed a two-headed ogre
  6208 | D:8      | Killed a two-headed ogre
  6208 | D:8      | Reached *** piety under Okawaru
  6208 | D:8      | Reached skill level 11 in Long Blades
  6208 | D:8      | Reached XP level 10. HP: 42/88 MP: 6/9
  6216 | D:8      | Reached **** piety under Okawaru
  6438 | D:8      | Noticed Psyche
  6449 | D:8      | Killed Psyche
  6556 | D:8      | Noticed a two-headed ogre
  6767 | D:8      | Reached skill level 1 in Evocations
  6831 | D:8      | Found an ancient bone altar of Kikubaaqudgha.
  6919 | D:8      | Found a staircase to the Lair.
  6984 | D:8      | Noticed Erica
  6991 | D:8      | Noticed Joseph
  7002 | D:8      | Killed Erica
  7002 | D:8      | Reached skill level 12 in Long Blades
  7002 | D:8      | Reached skill level 10 in Shields
  7020 | D:8      | Killed Joseph
  7312 | D:8      | Killed a two-headed ogre
  7312 | D:8      | Reached ***** piety under Okawaru
  7312 | D:8      | Received a gift from Okawaru
  7312 | D:8      | Reached XP level 11. HP: 39/95 MP: 10/10
  7480 | D:8      | Found a stormy altar of Qazlal.
  7676 | D:9      | Found a deep blue altar of Sif Muna.
  7691 | D:9      | Found a radiant altar of Vehumet.
  7692 | D:9      | Found an opulent altar of Gozag.
  7693 | D:9      | Found a bloodstained altar of Trog.
  8014 | D:9      | Reached skill level 10 in Armour
  8032 | D:9      | Found a burning altar of Makhleb.
  8104 | D:9      | Noticed a four-headed hydra
  8119 | D:9      | Killed a one-headed hydra
  8119 | D:9      | Reached skill level 13 in Long Blades
  8569 | D:10     | Entered Level 10 of the Dungeon
  8608 | D:10     | Noticed Snorg
  8625 | D:10     | Slain by Snorg

Skill      XL: |  1  2  3  4  5  6  7  8  9 10 11 |
---------------+----------------------------------+-----
Armour         | 4 5 7 8 9 10 | 10.1
Fighting       | 4 5 6 7 8 9 |  9.4
Shields        | 4 5 7 8 10 | 10.6
Long Blades    | 3 6 7 9 11 12 13 | 13.1
Dodging        | 1 2 4 |  4.3
Evocations     | 1 |  1.0
Stealth        | |  0.7
Invocations    | |  0.3

Action                   |  1- 3 |  4- 6 |  7- 9 | 10-12 || total
-------------------------+-------+-------+-------+-------++-------
Melee: Long sword        |    61 |   143 |   253 |   146 ||   603
       Headbutt          |    14 |    25 |    68 |    74 ||   181
       Double sword      |       |       |       |   101 ||   101
       Scimitar          |       |       |       |     5 ||     5
Invok: Heroism           |       |       |     1 |     3 ||     4
Evoke: Wand              |       |       |     2 |       ||     2
  Use: Scroll            |       |     2 |       |    10 ||    12
       Potion            |       |     1 |       |     1 ||     2
  Eat: Chunk             |       |     3 |     8 |     9 ||    20
       Ration            |       |       |     2 |       ||     2
Armor: Scale mail        |    37 |    48 |    18 |       ||   103
       Chain mail        |       |       |    65 |    15 ||    80
       Plate armour      |       |       |       |    91 ||    91
Dodge: Dodged            |    22 |    48 |    80 |    62 ||   212
Block: Shield            |    31 |    66 |   123 |   153 ||   373
       Rpst.: Long sword |    10 |    13 |    15 |     4 ||    42
       Double sword      |       |       |       |     7 ||     7
       Scimitar          |       |       |       |     1 ||     1
